 Dungeon Crawl Stone Soup version 0.27.1-1-g398f81649c (webtiles) character file.

Game seed: 2133024234189598300

8851 ZARRMARR the Covert (level 11, -20/114 HPs)
             Began as an Octopode Conjurer on Sept 13, 2021.
             Was a Priest of Sif Muna.
             Demolished by a minotaur (22 damage)
             ... in a Gauntlet.
             The game lasted 01:07:10 (16004 turns).

ZARRMARR the Covert (Octopode Conjurer)            Turns: 16004, Time: 01:07:11

Health: -20/114    AC:  5    Str: 16    XL:     11   Next: 37%
Magic:  23/23      EV: 15    Int: 14    God:    Sif Muna [***...]
Gold:   590        SH:  0    Dex: 10    Spells: 11/14 levels left

rFire    + + .     SeeInvis +   y - +7 scimitar of Compound Interest {speed, rF+ rC+ rN++ Will+ Int-5}
rCold    + . .     Faith    +   (no shield)
rNeg     + + +     Spirit   .   (helmet restricted)
rPois    .         Reflect  .   e - amulet of faith
rElec    .         Harm     .   h - ring of see invisible
rCorr    .         Rampage  .   n - ring of protection from fire
Will     .....     NoTele   +   c - +4 ring of protection
Stlth    ..........             x - ring of positive energy
HPRegen  0.29/turn              A - ring of magical power
MPRegen  0.18/turn              I - ring of Zoullora {rN+ Will- Str+8 Int-4 Stlth+}
                                (no ring)
                                (no ring)

@: berserking, very quick
A: almost no armour, amphibious, 8 rings, camouflage 1, gelatinous body 1,
(nimble swimmer 1), tentacles
a: Renounce Religion, Channel Magic, Forget Spell


You were in a Gauntlet.
You worshipped Sif Muna.
Sif Muna was most pleased with you.
You visited 2 branches of the dungeon, and saw 13 of its levels.
You also visited: Gauntlet.

You collected 590 gold pieces.

Inventory:

Hand Weapons
 j - a +3 short sword of freezing
 y - the +7 scimitar of Compound Interest (weapon) {speed, rF+ rC+ rN++ Will+ Int-5}
   (You found it on level 10 of the Dungeon)

   Attacks with this weapon are significantly faster.
   Int:       It affects your intelligence (-5).
   rF:        It protects you from fire.
   rC:        It protects you from cold.
   rN:        It greatly protects you from negative energy.
   Will:      It increases your willpower.
 C - a +1 dagger of speed
 D - a +2 dagger of holy wrath
 H - a +0 vampiric spear
Armour
 B - a +2 pair of boots of rampaging
 E - a +0 robe
 F - a +0 robe
Jewellery
 c - a +4 ring of protection (on tentacle)
 e - an amulet of faith (around mantle)
 h - a ring of see invisible (left tentacle)
 n - a ring of protection from fire (right tentacle)
 x - a ring of positive energy (on tentacle)
 A - a ring of magical power (on tentacle)
 I - the ring of Zoullora (on tentacle) {rN+ Will- Str+8 Int-4 Stlth+}
   (You found it in a Gauntlet)

   [ring of positive energy]

   Str:       It affects your strength (+8).
   Int:       It affects your intelligence (-4).
   rN:        It protects you from negative energy.
   Will:      It decreases your willpower.
   Stlth:     It makes you more stealthy.
Wands
 m - a wand of polymorph (10)
 p - a wand of digging (5)
 q - a wand of charming (6)
 r - a wand of iceblast (1)
Scrolls
 a - 2 scrolls of magic mapping
 f - 2 scrolls of enchant weapon
 g - 2 scrolls of amnesia
 i - a scroll of fog
 l - 2 scrolls of enchant armour
 u - 2 scrolls of teleportation
 w - 2 scrolls of immolation
 G - a scroll of fear {unknown}
Potions
 b - 3 potions of flight
 d - a potion of ambrosia {unknown}
 k - a potion of brilliance {unknown}
 o - a potion of haste {unknown}
 s - a potion of resistance {unknown}
 t - 2 potions of curing
 v - 2 potions of berserk rage
 z - a potion of heal wounds {unknown}


   Skills:
 + Level 7.7 Fighting
 * Level 10.9 Short Blades
 + Level 8.1 Dodging
 + Level 11.2 Stealth
 - Level 2.0 Spellcasting
 - Level 4.0 Conjurations


You had 11 spell levels left.
You knew the following spells:

 Your Spells              Type           Power      Damage    Failure   Level
a - Magic Dart            Conj           48%        1d5       4%          1
b - Passwall              Tmut/Erth      0%         N/A       34%         2

Your spell library contained the following spells:

 Spells                   Type           Power      Damage    Failure   Level
 Searing Ray              Conj           24%        3d4       7%          2
 Sandblast                Erth           2%         2d4       24%         1
 Dazzling Flash           Conj/Hex       14%        N/A       30%         3
 Call Imp                 Summ           1%         N/A       34%         2
 Mephitic Cloud           Conj/Pois/Air  5%         N/A       38%         3
 Fulminant Prism          Conj/Hex       3%         3d6       71%         4
 Iskenderun's Mystic Bla  Conj/Tloc      7%         2d4       71%         4
 Lee's Rapid Deconstruct  Erth           0%         3d5*      100%        5


Dungeon Overview and Level Annotations

Branches:
Dungeon (12/15)            Temple (1/1) D:4            Lair (0/6) D:11
Gauntlet (1/1)
    Orc: D:9-12

Altars:
Ashenzari
Cheibriados
Dithmenos
Elyvilon
Fedhas
Gozag
Hepliaklqana
Kikubaaqudgha
Makhleb
Nemelex Xobeh
Okawaru
Qazlal
Ru
Sif Muna
Trog
Uskayaw
Vehumet
Wu Jian
Xom
Yredelemnul
Zin
The Shining One

Shops:
D:11 (

Annotations:
D:3 exclusion: downstairs
D:4 exclusions: ball python and ogre, Dowan, Duvessa
D:5 2 runed translucent doors, exclusions: downstairs, gnoll, ogre, orc, sky beast, upstairs, water moccasin and 2 yaks, Ravenswing17's ghost, novice TrMo
D:6 exclusions: bullfrog and hound
D:7 exclusions: gnoll, gnoll shaman, 2 orcs, orc wizard and zombie
D:9 exclusion: downstairs
D:10 exclusions: downstairs and wyvern, Snorg Gauntlet 8 transporters


Innate Abilities, Weirdness & Mutations

You cannot wear most types of armour.
You are amphibious.
You can wear up to eight rings at the same time.
Your skin changes colour to match your surroundings (Stealth+).
Your rubbery body absorbs attacks. (AC +1, EV +1)
((You are camouflaged near water. (Stealth+)))
You have tentacles for arms and can constrict up to eight enemies at once.


Message History

Unknown command.
There is a transporter here.
You enter the transporter and appear at another place.
You open the door.
A minotaur comes into view.
It is wielding the +2 scimitar of Impeachment {drain, rPois Dex+2}.
The minotaur bellows!
The minotaur throws a javelin.
The javelin pierces through you!!
Found a long runed staff.
Found a gate leading back out of this place.
Unknown command.
Press: ? - help, v - describe, . - travel
Here: a minotaur, wielding the +2 scimitar of Impeachment {drain, rPois Dex+2}, wearing a +0 plate armour and quivering javelins The floor.
You start resting.
A minotaur is nearby!
Aiming: Polymorph
Press: ? - help, Shift-Dir - straight line, f - minotaur
Aim: a minotaur, wielding the +2 scimitar of Impeachment {drain, rPois Dex+2}, wearing a +0 plate armour and quivering javelins (will become an emperor scorpion, a yellow draconian, or a seven-headed hydra, chance to affect: 1%)
Okay, then.
Unknown command.
You hit the minotaur. You grab the minotaur.
The minotaur is lightly wounded.
You constrict the minotaur, but do no damage.
The minotaur hits you with the +2 scimitar of Impeachment {drain, rPois Dex+2}!!
The minotaur gores you!
* * * LOW HITPOINT WARNING * * *
It was a potion of berserk rage.
A red film seems to cover your vision as you go berserk!
You feel yourself moving faster!
You feel mighty!
You constrict the minotaur.
The minotaur hits you with the +2 scimitar of Impeachment {drain, rPois Dex+2}!
* * * LOW HITPOINT WARNING * * *
The minotaur barely misses you.
You slice the minotaur!! You squeeze the minotaur.
The minotaur is heavily wounded.
You constrict the minotaur, but do no damage.
You hit the minotaur. You squeeze the minotaur.
The minotaur is heavily wounded.
You constrict the minotaur, but do no damage.
The minotaur hits you with the +2 scimitar of Impeachment {drain, rPois Dex+2}!!
You die...

#≈≈≈#≈≈≈#..♣P.....P♣..#≈≈≈#≈≈≈#≈≈
##≈###≈###...........###≈###≈###≈
### ##################### ### ##
.................
#.♣.♣.©.©.©.©.♣.♣.#
.................
#####.###.###.#####
###.###.###.### #.......@.....#
#.###.###H###.# .............#
######'####### #. ∩. ... '⌠..
##.H⌠


You could see a minotaur.

Vanquished Creatures
  A hydra (D:11)
  2 wizards (Gauntlet)
  Maggie (D:8)
  An unseen horror (D:11)
  2 trolls
  5 slime creatures (D:11)
  A shadow (D:11)
  A wyvern (D:11)
  2 wraiths
  A steam dragon (D:9)
  2 water moccasins (D:7)
  2 sky beasts
  2 orc warriors
  A black bear (D:5)
  An ice beast (D:6)
  3 necrophages
  A tengu (shapeshifter) (Gauntlet)
  4 centaurs
  A kobold brigand (D:8)
  2 bullfrogs
  2 scorpions (D:4)
  4 wyvern zombies
  A wyvern skeleton (D:7)
  5 killer bees (D:11)
  7 wights
  3 jellies
  7 centaur zombies
  A human zombie (D:8)
  A bullfrog zombie (D:5)
  A bullfrog skeleton (D:6)
  3 hounds
  8 orc priests
  4 iguanas
  10 orc wizards
  A killer bee zombie (D:6)
  A hound skeleton (D:4)
  A mummy (D:8)
  3 howler monkey zombies
  7 adders
  4 shadow imps
  3 white imps (Gauntlet)
  3 ufetubi
  2 worms
  28 orcs
  8 ball pythons
  5 endoplasms
  4 giant cockroaches
  6 goblins
  4 hobgoblins
  6 kobolds
  3 quokkas (D:1)
  9 bats
  4 frilled lizards
  4 rats
199 creatures vanquished.

Vanquished Creatures (collateral kills)
  A two-headed ogre (D:5)
1 creature vanquished.

Vanquished Creatures (others)
  A plant (D:11)
1 creature vanquished.

Grand Total: 201 creatures vanquished

Notes
Turn   | Place    | Note
-------+----------+-------------------------------------------
     0 | D:1      | ZARRMARR the Octopode Conjurer began the quest for the Orb.
     0 | D:1      | Reached XP level 1. HP: 11/11 MP: 3/3
    67 | D:1      | Reached XP level 2. HP: 9/18 MP: 3/5
    99 | D:1      | Reached skill level 3 in Stealth
   273 | D:1      | Reached skill level 1 in Short Blades
  1348 | D:2      | Reached XP level 3. HP: 12/22 MP: 1/6
  1507 | D:2      | Reached skill level 1 in Fighting
  2165 | D:2      | Reached XP level 4. HP: 18/28 MP: 5/7
  3360 | D:3      | Found a hide-covered altar of Uskayaw.
  3388 | D:4      | Noticed a scorpion
  3402 | D:4      | Killed a scorpion
  3403 | D:4      | Reached skill level 4 in Stealth
  3403 | D:4      | Reached XP level 5. HP: 14/34 MP: 8/8
  3684 | D:4      | Reached XP level 6. HP: 24/39 MP: 1/9
  3883 | D:4      | Found a burning altar of Makhleb.
  4291 | D:4      | Found a staircase to the Ecumenical Temple.
  4304 | Temple   | Entered the Ecumenical Temple
  4515 | Temple   | Became a worshipper of Sif Muna the Loreminder
  4794 | D:4      | Noticed a green death
  4798 | D:4      | Noticed a neqoxec
  4798 | D:4      | Noticed a smoke demon
  4841 | D:4      | Noticed a black bear
  4842 | D:4      | Noticed Dowan
  4843 | D:4      | Noticed Duvessa
  4866 | D:5      | Entered Level 5 of the Dungeon
  4934 | D:5      | Noticed a black bear
  4987 | D:5      | Learned a level 2 spell: Passwall
  5034 | D:5      | Noticed a two-headed ogre
  5274 | D:5      | Killed a two-headed ogre
  5275 | D:5      | Reached skill level 5 in Short Blades
  5275 | D:5      | Reached skill level 6 in Stealth
  5275 | D:5      | Reached XP level 7. HP: 5/46 MP: 8/10
  5602 | D:5      | Reached XP level 8. HP: 52/52 MP: 7/11
  5739 | D:5      | Found a runed translucent door.
  5744 | D:5      | Noticed Ravenswing17's ghost (novice TrMo)
  5865 | D:5      | Found a runed translucent door.
  6158 | D:5      | Found a stormy altar of Qazlal.
  6229 | D:5      | Found the +10 Black Knight's barding {ponderous, rPois rN+}
  6233 | D:5      | Noticed a yak
  6233 | D:5      | Noticed a yak
  6319 | D:5      | Reached skill level 7 in Stealth
  6505 | D:5      | Reached skill level 5 in Dodging
  6907 | D:6      | Reached XP level 9. HP: 58/59 MP: 8/12
  7374 | D:7      | Reached * piety under Sif Muna
  7375 | D:7      | Reached skill level 5 in Fighting
  7482 | D:7      | Reached skill level 8 in Stealth
  8340 | D:8      | Noticed Maggie
  8344 | D:8      | Killed Maggie
  8443 | D:8      | Found an opulent altar of Gozag.
  8444 | D:8      | Found a sparkling altar of Nemelex Xobeh.
  8461 | D:8      | Found a glowing golden altar of the Shining One.
  8842 | D:8      | Found an ancient bone altar of Kikubaaqudgha.
  8856 | D:8      | Reached skill level 9 in Stealth
  8954 | D:8      | Reached XP level 10. HP: 57/68 MP: 13/13
 10269 | D:9      | Reached ** piety under Sif Muna
 10950 | D:10     | Entered Level 10 of the Dungeon
 10950 | D:10     | Noticed Snorg
 11036 | D:10     | Noticed a gargoyle
 11144 | D:10     | Identified the +7 scimitar of Compound Interest {speed, rF+
                  | rC+ rN++ Will+ Int-5}
 12232 | D:10     | Reached skill level 10 in Stealth
 12862 | D:11     | Noticed a five-headed hydra
 12893 | D:11     | Killed a five-headed hydra
 12894 | D:11     | Reached skill level 10 in Short Blades
 13209 | D:11     | Found a staircase to the Lair.
 13235 | D:11     | Found Eskipema's Hydra Hut.
 13235 | D:11     | Noticed a seven-headed hydra
 13334 | D:11     | Reached XP level 11. HP: 64/75 MP: 8/14
 14053 | D:11     | Reached *** piety under Sif Muna
 14278 | D:11     | Reached skill level 11 in Stealth
 14443 | D:12     | Found a gate leading to a gauntlet.
 14458 | Gauntlet | Entered a Gauntlet
 14458 | Gauntlet | Found a transporter.
 14469 | Gauntlet | Found a transporter.
 14469 | Gauntlet | Found a transporter.
 14480 | Gauntlet | Found a transporter.
 14482 | Gauntlet | Found a transporter.
 14489 | Gauntlet | Noticed a red ugly thing
 14490 | Gauntlet | Found a transporter.
 14491 | Gauntlet | Noticed a great orb of eyes
 14508 | Gauntlet | Found a runed translucent door.
 14512 | Gauntlet | Found a transporter.
 14513 | Gauntlet | Noticed a wizard
 14514 | Gauntlet | Noticed a wizard
 14522 | Gauntlet | Found a transporter.
 14531 | Gauntlet | Noticed a cacodemon
 14532 | Gauntlet | Noticed a sixfirhy
 14533 | Gauntlet | Found a transporter.
 14534 | Gauntlet | Noticed a sixfirhy
 14552 | Gauntlet | Found a transporter.
 14559 | Gauntlet | Noticed a tengu warrior
 14566 | Gauntlet | Found a transporter.
 14566 | Gauntlet | Found a transporter.
 14632 | Gauntlet | Found a transporter.
 14633 | Gauntlet | Found a transporter.
 15905 | Gauntlet | Killed a wizard
 15917 | Gauntlet | Killed a wizard
 15948 | Gauntlet | Identified the ring of Zoullora {rN+ Will- Str+8 Int-4
                  | Stlth+}
 15991 | Gauntlet | Identified the +2 scimitar of Impeachment {drain, rPois
                  | Dex+2}
 15991 | Gauntlet | Noticed a minotaur
 16002 | Gauntlet | HP: 2/114 [minotaur (17)]
 16004 | Gauntlet | Demolished by a minotaur

Illustrated notes

Levels and vault maps discovered:
D:1:      lightli_iron_boxes, layout_basic, serial_rivers,
          chequers_serial_rivers_room_b, chequers_serial_rivers_room_b,
          chequers_serial_rivers_micro_c, chequers_serial_rivers_marsh
D:2:      layout_basic, minmay_between
D:3:      layout_basic, nicolae_uskayaw_suspiria
D:4:      layout_rooms, makhleb_altar_promises_db,
          minmay_temple_entry_drinking_statues, hex_medium, uniq_duvessa
D:5:      layout_loops_corners, nicolae_qazlal_scattered_showers,
          ebering_ghost_sewer_f, minmay_chambers_of_fives
D:6:      layout_cave_pools, wad_rectangle_vault
D:7:      layout_basic
D:8:      layout_gridville, lemuel_mausoleum_altar_kikubaaqudgha,
          grunt_temple_overflow_opulence, old_standard_altar, uniq_maggie
D:9:      layout_basic
D:10:     layout_roguey, minmay_orc_entry_guard_dogs, grunt_decor_resistance,
          minmay_misc_feat_tower, uniq_snorg
D:11:     layout_roguey, lair_entry_dummy, doesnt_shop_hydraphobe
D:12:     layout_loops_ring, gauntlet_entry_generic
Temple:   regret_index_temple_generic_petals
Gauntlet: minmay_gauntlet_77_tree [minmay_gauntlet_arena_77_chump_sandwich,
          minmay_gauntlet_arena_77_terracotta_army,
          minmay_gauntlet_arena_77_tiled_triplets,
          minmay_gauntlet_arena_77_broken_ladder,
          minmay_gauntlet_arena_77_squiggly, minmay_gauntlet_arena_77_path,
          minmay_gauntlet_arena_77_checkered, gauntlet_exit_hidden_loot]

Skill      XL: |  1  2  3  4  5  6  7  8  9 10 11 |
---------------+----------------------------------+-----
Stealth        | 3 4 6 7 9 10 11 | 11.2
Short Blades   | 1 2 3 5 6 8 10 | 10.9
Fighting       | 1 2 3 4 6 7 |  7.7
Dodging        | 3 4 5 6 7 8 |  8.1
Spellcasting   | |  2.0
Conjurations   | |  4.0

Action                   |  1- 3 |  4- 6 |  7- 9 | 10-12 || total
-------------------------+-------+-------+-------+-------++-------
Melee: Rapier            |    43 |    80 |       |       ||   123
       Constrict         |     9 |     9 |    24 |    30 ||    72
       Tentacles         |     4 |     6 |    20 |    41 ||    71
       Dagger            |       |     8 |   166 |   173 ||   347
       Scimitar          |       |       |       |    98 ||    98
       Short sword       |       |       |       |     5 ||     5
 Cast: Magic Dart        |    40 |    37 |    84 |    82 ||   243
       Passwall          |       |     1 |     2 |     4 ||     7
Evoke: Wand              |       |     1 |    10 |       ||    11
  Use: Potion            |       |     5 |       |     2 ||     7
       Scroll            |       |     7 |     5 |     3 ||    15
 Stab: Sleeping          |     9 |     9 |    18 |    12 ||    48
       Distracted        |       |       |       |     1 ||     1
Armor: Skin              |    10 |    61 |    12 |    39 ||   122
Dodge: Dodged            |    26 |    39 |    57 |   126 ||   248
       Rpst.: Scimitar   |       |       |       |    10 ||    10
